 Dungeon Crawl Stone Soup version 0.29-a0-418-gc0181ea820 (webtiles) character file.

Game seed: 2172348457717674727

3110 OTABOTABOTAB the Destroyer (level 9, -1/45 HPs)
             Began as a Deep Elf Conjurer on May 17, 2022.
             Was an Initiate of Vehumet.
             Slain by a manticore (7 damage)
             ... on level 8 of the Dungeon.
             The game lasted 00:11:13 (9396 turns).

OTABOTABOTAB the Destroyer (Deep Elf Conjurer)      Turns: 9396, Time: 00:11:14

Health: -1/45      AC:  3    Str: 10    XL:     9   Next: 60%
Magic:  6/24       EV: 16    Int: 28    God:    Vehumet [......]
Gold:   434        SH:  0    Dex: 13    Spells: 12/27 levels left

rFire   . . .      SeeInvis .   h - staff of conjuration
rCold   . . .      Faith    .   (no shield)
rNeg    . . .      Spirit   .   a - +0 robe
rPois   .          Reflect  .   (no helmet)
rElec   .          Harm     .   (no cloak)
rCorr   .          Rampage  .   o - +0 pair of gloves
Will    .....                   (no boots)
Stlth   ++........              t - amulet of regeneration
HPRegen 0.95/turn               E - +4 ring of evasion
MPRegen 0.19/turn               u - +6 ring of strength

@: spiked, very slightly contaminated
A: no striking features
a: Renounce Religion


You were on level 8 of the Dungeon.
You worshipped Vehumet.
Vehumet was noncommittal.
You visited 2 branches of the dungeon, and saw 9 of its levels.

You collected 434 gold pieces.

Inventory:

Missiles
 b - 13 poisoned darts
 s - 169 stones
 x - 2 throwing nets {!d}
 z - 8 boomerangs
 A - 3 curare-tipped darts
Armour
 a - a +0 robe (worn)
 f - a +0 helmet of intelligence
   (You found it on level 7 of the Dungeon)
 o - a +0 pair of gloves (worn)
   (You found it on level 2 of the Dungeon)
Magical Staves
 h - a staff of conjuration (weapon)
   (You found it on level 1 of the Dungeon)
 G - a staff of poison {rPois}
   (You found it on level 4 of the Dungeon)
Jewellery
 t - an amulet of regeneration (around neck)
   (You found it on level 3 of the Dungeon)
 u - a +6 ring of strength (right hand)
   (You found it on level 3 of the Dungeon)
 v - an amulet of reflection
   (You found it on level 3 of the Dungeon)
 E - a +4 ring of evasion (left hand)
   (You found it on level 3 of the Dungeon)
 W - a ring of willpower
   (You found it on level 7 of the Dungeon)
Wands
 i - a wand of iceblast (8)
   (You found it on level 4 of the Dungeon)
 p - a wand of paralysis (5)
   (You found it on level 7 of the Dungeon)
 y - a wand of mindburst (14)
   (You took it off Pikel on level 5 of the Dungeon)
Scrolls
 c - a scroll of identify {@r1}
 d - 4 scrolls of fog
 g - a scroll of amnesia
 j - a scroll of enchant weapon
 n - a scroll of noise {!r}
Potions
 e - a potion of might {unknown}
 l - a potion of curing {@q1}
 w - 3 potions of degeneration {!q}
 B - 2 potions of brilliance
 H - 2 potions of haste
 L - 2 potions of flight
 N - a potion of heal wounds {@q2}
 P - 2 potions of lignification {!q}
 T - 2 potions of berserk rage {!q}


   Skills:
 - Level 2.4 Dodging
 - Level 2.4 Stealth
 + Level 9.5 Spellcasting
 * Level 11.4 Conjurations
 - Level 5.0 Hexes
 - Level 5.0 Translocations
 * Level 1.6 Fire Magic


You had 12 spell levels left.
You knew the following spells:

 Your Spells              Type           Power      Damage    Failure   Level
a - Magic Dart            Conj           100%       1d8       1%          1
b - Searing Ray           Conj           100%       2d8       1%          2
c - Fulminant Prism       Conj/Hex       36%        3d18      1%          4
d - Flame Wave            Conj/Fire      66%        2d12      2%          4
x - Iskenderun's Mystic   Conj/Tloc      73%        2d15      1%          4

Your spell library contained the following spells:

 Spells                   Type           Power      Damage    Failure   Level
 Apportation              Tloc           82%        N/A       1%          1
 Slow                     Hex            100%       N/A       1%          1
 Confusing Touch          Hex            41%        N/A       1%          3
 Dazzling Flash           Conj/Hex       100%       N/A       1%          3
 Gell's Gravitas          Tloc           41%        N/A       1%          3
 Stone Arrow              Conj/Erth      100%       3d13      1%          3
 Teleport Other           Tloc           41%        N/A       1%          3
 Scorch                   Fire           44%        2d7       3%          2
 Animate Skeleton         Necr           26%        N/A       4%          1
 Summon Small Mammal      Summ           52%        N/A       4%          1
 Vampiric Draining        Necr           13%        2d6       13%         3
 Animate Armour           Summ/Erth      26%        N/A       38%         4
 Animate Dead             Necr           6%         N/A       38%         4
 Summon Forest            Summ/Tloc      13%        N/A       38%         5
 Dispersal                Tloc           20%        N/A       63%         6
 Borgnjor's Vile Clutch   Necr/Erth      6%         N/A       75%         5
 Death Channel            Necr           6%         N/A       100%        6
 Eringya's Noxious Bog    Tmut/Pois      6%         N/A       100%        6
 Summon Cactus Giant      Summ           6%         N/A       100%        6
 Summon Hydra             Summ           6%         N/A       100%        7
 Lehudib's Crystal Spear  Conj/Erth      30%        10d8      100%        8


Dungeon Overview and Level Annotations

Branches:
Dungeon (8/15)             Temple (1/1) D:7
   Lair: D:8-11

Altars:
Cheibriados
Dithmenos
Elyvilon
Gozag
Hepliaklqana
Nemelex Xobeh
Qazlal
Ru
Sif Muna
Uskayaw
Vehumet
Xom
Zin
The Shining One

Shops:
D:7 [


Message History

You start memorising the spell.
You continue memorising. x4
You finish memorising.
Spell assigned to 'd'.
Unknown command.
Done exploring.
Done exploring.
Done exploring.
Done exploring.
Done exploring.
(D) Dungeon (T) Temple
Where to? (Enter - D:7, ? - help)
There is an open door here.
There is a stone staircase leading down here.
You climb downwards.
There is a stone staircase leading up here.
A centaur is nearby!
You feel a surge of power!
A wave of flame ripples out!
The flame wave engulfs the centaur!
The centaur shouts! (Press . to intensify the flame waves.)
You hear an angry buzzing noise.
The centaur barely misses you. The centaur closely misses you.
You now have 20/24 mp.
A wave of flame ripples out!
The flame wave engulfs the centaur!
You kill the centaur!
Vehumet accepts your kill.
You now have 19/24 mp.
You start resting.
MP restored: 24
B - 2 potions of brilliance (gained 1)
c - a scroll of identify {@r1} You now have 434 gold pieces (gained 6).
A centaur comes into view.
A centaur is nearby!
A centaur is nearby!
A centaur is nearby!
You feel a surge of power!
You conjure a prism of explosive energy!
A fulminant prism comes into view.
You now have 20/24 mp.
What are your orders? t - Shout!
Orders for allies: a - Attack new target. r - Retreat! s - Stop attacking. g - Guard the area. f - Follow me.
Anything else - Cancel.
You shout for attention!
The centaur shouts!
You hear a croak.
The centaur wields a +0 shortbow.
The centaur shoots an arrow.
The arrow completely misses you.
Your fulminant prism crackles loudly.
The centaur shoots an arrow.
The arrow completely misses you.
The blast of energy engulfs the centaur!!
You kill the centaur!
Vehumet accepts your kill.
You hear an angry buzzing noise. x2; You hear a shout!
Your Fire Magic skill increases to level 1!
You start resting.
A bullfrog comes into view.
A manticore comes into view.
The bullfrog croaks.
The manticore flicks its tail.
The volley of spikes hits you!
The barbed spikes become lodged in your body.
You take 10 damage, and have 35/45 hp.
MASSIVE DAMAGE!!
You feel a surge of power!
A wave of flame ripples out! (Press . to intensify the flame waves.)
You now have 17/24 mp.
A wave of flame ripples out!
The flame wave engulfs the bullfrog!
The bullfrog barely misses you.
You now have 16/24 mp.
A wave of flame ripples out!
The flame wave engulfs the bullfrog!
You kill the bullfrog!
Vehumet accepts your kill.
The flame wave engulfs the manticore!
You finish channelling waves of flame.
You hear an angry buzzing noise.
The manticore flicks its tail.
The volley of spikes misses you.
You feel a surge of power!
A wave of flame ripples out! (Press . to intensify the flame waves.)
You hear an angry buzzing noise.
The manticore flicks its tail.
The volley of spikes hits you!
The barbed spikes become lodged in your body.
You take 9 damage, and have 30/45 hp.
You now have 12/24 mp.
A wave of flame ripples out!
The flame wave engulfs the manticore!
You hear an angry buzzing noise.
You now have 11/24 mp.
A wave of flame ripples out!
The flame wave engulfs the manticore!!
You hear an angry buzzing noise.
You finish channelling waves of flame.
A vampire mosquito comes into view.
The manticore closely misses you. x2; The manticore misses you.
You now have 10/24 mp.
You feel a surge of power!
You miscast Iskenderun's Mystic Blast.
You are very lightly contaminated with residual magic.
Nothing appears to happen.
The manticore bites you!! The manticore claws you!
* * * LOW HITPOINT WARNING * * *
The manticore claws you!
You die...

#### # #.###..#
##.#..yH@.#
#.....###.##########
.)....###.#........#
.###.)....#........#
#.###..........<#
##.#......).###
#.####..##.....
#.####....#.....
######...........#.#.#


You could see a manticore and a vampire mosquito.

Vanquished Creatures
  Pikel (D:5)
  Eustachio (D:5)
  An ice beast (D:5)
  Duvessa (D:5)
  An orc warrior (D:7)
  A sky beast (D:7)
  A black bear (D:6)
  An ogre (D:6)
  3 centaurs
  2 lemures (D:5)
  A phantom (D:4)
  2 kobold brigands
  2 bullfrogs
  A gnoll sergeant (D:6)
  A necrophage (D:4)
  4 scorpions
  3 wights (D:6)
  Dowan (D:5)
  2 howler monkeys (D:5)
  4 hounds
  A jelly (D:6)
  4 orc priests
  A gnoll shaman (D:7)
  2 iguanas
  2 orc wizards
  17 gnolls
  8 adders
  2 worms
  A dart slug (D:3)
  20 orcs
  5 ball pythons
  6 endoplasms
  4 giant cockroaches
  8 goblins
  10 hobgoblins
  3 quokkas
  10 bats
  4 frilled lizards
  19 kobolds
  3 rats
  A spectral goblin (D:1)
165 creatures vanquished.

Vanquished Creatures (others)
  18 fulminant prisms
18 creatures vanquished.

Grand Total: 183 creatures vanquished

Notes
Turn   | Place    | Note
-------+----------+-------------------------------------------
     0 | D:1      | OTABOTABOTAB the Deep Elf Conjurer began the quest for the
                  | Orb.
     0 | D:1      | Reached XP level 1. HP: 10/10 MP: 6/6
   481 | D:1      | Reached XP level 2. HP: 12/15 MP: 2/8
   548 | D:1      | Learned a level 2 spell: Searing Ray
   621 | D:1      | Found a faded altar of an unknown god.
   798 | D:1      | Reached skill level 5 in Conjurations
  1295 | D:1      | Reached XP level 3. HP: 19/19 MP: 7/10
  1843 | D:2      | Reached skill level 4 in Spellcasting
  2456 | D:2      | Reached XP level 4. HP: 24/24 MP: 7/12
  2694 | D:2      | Learned a level 4 spell: Fulminant Prism
  2699 | D:2      | Learned a level 4 spell: Iskenderun's Mystic Blast
  2910 | D:3      | Reached skill level 6 in Conjurations
  3149 | D:3      | Reached XP level 5. HP: 28/28 MP: 9/13
  3535 | D:3      | Reached skill level 1 in Hexes
  3612 | D:3      | Reached skill level 1 in Translocations
  4023 | D:4      | Noticed a phantom
  4029 | D:4      | Killed a phantom
  4030 | D:4      | Reached skill level 5 in Spellcasting
  4030 | D:4      | Reached skill level 2 in Hexes
  4030 | D:4      | Reached XP level 6. HP: 32/32 MP: 7/15
  4065 | D:4      | Reached skill level 2 in Translocations
  4466 | D:4      | Reached skill level 7 in Conjurations
  4552 | D:4      | Reached skill level 3 in Hexes
  5049 | D:5      | Entered Level 5 of the Dungeon
  5059 | D:5      | Reached XP level 7. HP: 36/36 MP: 12/17
  5245 | D:5      | Reached skill level 3 in Translocations
  5453 | D:5      | Noticed Dowan
  5454 | D:5      | Noticed Duvessa
  5456 | D:5      | Killed Dowan
  5457 | D:5      | Reached skill level 6 in Spellcasting
  5512 | D:5      | Killed Duvessa
  5513 | D:5      | Reached skill level 8 in Conjurations
  5513 | D:5      | Reached skill level 4 in Hexes
  5769 | D:5      | Noticed Eustachio
  5779 | D:5      | Killed Eustachio
  5780 | D:5      | Reached XP level 8. HP: 35/41 MP: 6/19
  5971 | D:5      | Noticed Pikel
  5983 | D:5      | Killed Pikel
  5984 | D:5      | Reached skill level 7 in Spellcasting
  5984 | D:5      | Reached skill level 9 in Conjurations
  5984 | D:5      | Reached skill level 5 in Hexes
  5984 | D:5      | Reached skill level 4 in Translocations
  6491 | D:6      | Reached skill level 8 in Spellcasting
  6491 | D:6      | Reached skill level 5 in Translocations
  6679 | D:6      | Reached skill level 10 in Conjurations
  6679 | D:6      | Reached XP level 9. HP: 45/45 MP: 5/23
  8163 | D:7      | Reached skill level 9 in Spellcasting
  8359 | D:7      | Found a staircase to the Ecumenical Temple.
  8368 | Temple   | Entered the Ecumenical Temple
  8396 | Temple   | Became a worshipper of Vehumet
  8478 | D:7      | Reached skill level 11 in Conjurations
  8647 | D:7      | Found Niaciyr's Antique Armour Shop.
  9279 | D:7      | Learned a level 4 spell: Flame Wave
  9385 | D:8      | Reached skill level 1 in Fire Magic
  9388 | D:8      | Noticed a manticore
  9396 | D:8      | HP: 6/45 [manticore (9)]
  9396 | D:8      | Slain by a manticore

Illustrated notes

Levels and vault maps discovered:
D:1:      erik_arrival_triangle_small, layout_loops_ring,
          dreamdust_ecumenical_altar_drowned_temple,
          chequers_serial_rivers_small_b
D:2:      layout_loops_ring, kennysheep_path_1
D:3:      minmay_chambers_of_threes, layout_loops_ring
D:4:      layout_cave_pools, kennysheep_potato
D:5:      layout_basic, uniq_eustachio, uniq_duvessa, uniq_pikel
D:6:      layout_basic, kennysheep_small_spiral, moated_statue,
          minmay_misc_feat_five, st_stairs_11
D:7:      layout_loops_corners, minmay_temple_entry_tees, serial_shops,
          nicolae_diamond_shop, nrook_campfire, columned_hall_lemuel
D:8:      layout_rooms
Temple:   nicolae_temple_the_god_donut

Skill      XL: |  1  2  3  4  5  6  7  8  9 |
---------------+----------------------------+-----
Conjurations   | 5 6 7 8 10 11 | 11.4
Spellcasting   | 4 5 6 8 9 |  9.5
Hexes          | 2 3 4 5 |  5.0
Translocations | 1 2 3 5 |  5.0
Fire Magic     | 1 |  1.6
Dodging        | |  2.4
Stealth        | |  2.4

Action                   |  1- 3 |  4- 6 |  7- 9 || total
-------------------------+-------+-------+-------++-------
Melee: Dagger            |    19 |     3 |       ||    22
       Staff             |       |     8 |     6 ||    14
 Cast: Magic Dart        |    67 |   102 |    66 ||   235
       Searing Ray       |     3 |    16 |    25 ||    44
       Fulminant Prism   |       |       |    18 ||    18
       Iskenderun's Myst |       |       |    11 ||    11
       Flame Wave        |       |       |     3 ||     3
  Use: Scroll            |       |       |    16 ||    16
       Potion            |       |       |     1 ||     1
Armor: Robe              |     7 |     2 |     7 ||    16
Dodge: Dodged            |    15 |    20 |    40 ||    75

Table legend: (Time is in decaauts)
 A = Elapsed time spent in this place.
 B = Non-inter-level travel time spent in this place.
 C = Inter-level travel time spent in this place.
 D = Time resting spent in this place.
 E = Time spent auto-exploring this place.
 F = Levels seen in this place.
 G = Mean time per level.
                   A        B        C        D        E       F      G
               +--------+--------+--------+--------+--------+-----+--------+
         Total |   9400 |   9167 |    233 |   1569 |   6621 |   9 | 1044.4 |
       Dungeon |   9347 |   9138 |    209 |   1569 |   6609 |   8 | 1168.4 |
        Temple |     52 |     28 |     24 |      0 |     12 |   1 |   52.0 |
               +--------+--------+--------+--------+--------+-----+--------+

Top non-repeatable levels by time:
     D:6: 1518 daAuts
     D:1: 1413 daAuts
     D:5: 1412 daAuts
     D:7: 1290 daAuts
     D:2: 1266 daAuts
     D:3: 1225 daAuts
     D:4: 1148 daAuts
     D:8: 72 daAuts
  Temple: 52 daAuts

Table legend:
 A = Kills in this place as a percentage of kills in entire the game.
 B = Kills by you in this place as a percentage of kills by you in the entire game.
 C = Kills by friends in this place as a percentage of kills by friends in the entire game.
 D = Other kills in this place as a percentage of other kills in the entire game.
 E = Experience gained in this place as a percentage of experience gained in the entire game.
 F = Experience gained in this place divided by the number of levels of this place that you have seen.
                   A       B       C       D       E      F
               +-------+-------+-------+-------+-------+----------------------
         Total | 100.0 | 100.0 |   N/A |   N/A | 100.0 | 493.8
       Dungeon | 100.0 | 100.0 |   N/A |   N/A | 100.0 | 555.5
               +-------+-------+-------+-------+-------+----------------------
